 Dungeon Crawl Stone Soup version 0.30.0-29-ga12c61a403 (webtiles) character file.

Game seed: 1693363733747426265

42 Elmgren the Firebug (level 3, -2/26 HPs)
             Began as a Draconian Fire Elementalist on June 22, 2023.
             Slain by a gnoll
             ... wielding a +0 flail
              (11 damage)
             ... on level 2 of the Dungeon.
             The game lasted 00:03:17 (2145 turns).

Elmgren the Firebug (Draconian Fire Elementalist)   Turns: 2145, Time: 00:03:17

Health: -2/26      AC:  5    Str: 10    XL:     3   Next: 33%
Magic:  3/6        EV: 12    Int: 17    God:
Gold:   70         SH:  0    Dex: 11    Spells: 6/7 levels left

rFire   . . .        c - +0 dagger
rCold   . . .        (no shield)
rNeg    . . .        (body armour unavailable)
rPois   .            (helmet restricted)
rElec   .            (no cloak)
rCorr   .            (no gloves)
SInv    .            (no boots)
Will    .....        (no amulet)
Stlth   ++           (no ring)
HPRegen 0.24/turn    (no ring)
MPRegen 0.10/turn

%: no passive effects
@: no status effects
A: AC +5, unfitting armour, cold-blooded
a: no special abilities


You were on level 2 of the Dungeon.
You visited 1 branch of the dungeon, and saw 2 of its levels.

You collected 70 gold pieces.

Inventory:

Hand Weapons
 c - a +0 dagger (weapon)
Wands
 h - a wand of flame (10)
Scrolls
 b - a scroll of teleportation {unknown}
 f - a scroll of enchant armour {unknown}
 g - a scroll of blinking {unknown}
Potions
 a - a potion of magic
 d - a potion of curing {unknown}
 e - a potion of berserk rage {unknown}


   Skills:
 - Level 1.7 Dodging
 - Level 1.7 Stealth
 + Level 2.6 Spellcasting
 + Level 2.0 Conjurations
 + Level 3.5 Fire Magic


You had 6 spell levels left.
You knew the following spells:

 Your Spells              Type           Power      Damage    Failure   Level
a - Foxfire               Conj/Fire      44%        2x1d6     6%          1

Your spell library contained the following spells:

 Spells                   Type           Power      Damage    Failure   Level
 Scorch                   Fire           28%        2d6       6%          2
 Inner Flame              Hex/Fire       8%         N/A       26%         3
 Volatile Blastmotes      Fire/Tloc      16%        2d11      26%         3
 Flame Wave               Conj/Fire      11%        2d6       50%         4


Dungeon Overview and Level Annotations

Branches:
Dungeon (2/15) Zot: 9853

Altars:


Innate Abilities, Weirdness & Mutations

Your plain brown scales are hard. (AC +5)
You cannot fit into any form of body armour.
You are cold-blooded and may be slowed by cold attacks.


Message History

The hobgoblin attacks as you move away!
The hobgoblin hits you but does no damage.
The gnoll attacks as you move away! The gnoll closely misses you.
The hobgoblin attacks as you move away! The hobgoblin hits you.
The gnoll attacks as you move away! The gnoll hits you with a +0 flail!
You take 8 damage, and have 18/26 hp.
MASSIVE DAMAGE!!
The gnoll closely misses you. x2; The gnoll barely misses you.
The gnoll attacks as you move away! The gnoll closely misses you.
The gnoll attacks as you move away! The gnoll barely misses you.
The hobgoblin attacks as you move away! The hobgoblin barely misses you.
The gnoll hits you with a +0 club. The gnoll hits you with a +0 club.
The endoplasm freezes you.
You are frozen.
* * * LOW HITPOINT WARNING * * *
You feel yourself slow down.
You take 5 damage, and have 13/26 hp.
You feel yourself speed up.
The endoplasm hits you but does no damage.
The endoplasm attacks as you move away! The endoplasm closely misses you.
There is a stone staircase leading up here.
The endoplasm hits you but does no damage.
You climb upwards.
There is a stone staircase leading down here.
Casting: Foxfire (safe; 6% risk of failure)
There is not enough space to conjure foxfire!
Casting: Foxfire (safe; 6% risk of failure)
There is not enough space to conjure foxfire!
You can't go up here!
The gnoll hits you but does no damage. The endoplasm freezes you.
You are frozen.
* * * LOW HITPOINT WARNING * * *
You climb downwards.
The gnoll completely misses you. The gnoll barely misses you.
The gnoll closely misses you. The hobgoblin closely misses you.
The gnoll hits you with a +0 flail.
* * * LOW HITPOINT WARNING * * *
The hobgoblin closely misses you. The gnoll hits you but does no damage.
The gnoll hits you with a +0 flail!
You die...

#.# #.#.# ######'##
#.#'### #.......#
###......
######...)...#
#........
.............#
#........
.###.........#
#.....>.. ##.........#
#...).... #......Jg..#
#....''## #.....g@g..#
#....#.# ##.....g.g..#
#....#'##
......†.....#
#.......#
#####..)#####
#.......# #...#
#.......# #.....
#.......# #......
####....# #.......
########....#
.....?..##.....##....#


You could see 4 gnolls, an endoplasm and a hobgoblin.

Vanquished Creatures
  A worm (D:2)
  A dart slug (D:1)
  2 ball pythons (D:1)
  2 bats
  2 endoplasms (D:2)
  A giant cockroach (D:2)
  3 goblins
  2 hobgoblins
  6 jackals (D:1)
  2 quokkas
  A frilled lizard (D:1)
  4 kobolds
  7 rats
34 creatures vanquished.

Vanquished Creatures (others)
  101 foxfires
101 creatures vanquished.

Grand Total: 135 creatures vanquished

Notes
Turn   | Place    | Note
-------+----------+-------------------------------------------
     0 | D:1      | Elmgren the Draconian Fire Elementalist began the quest for
                  | the Orb.
     0 | D:1      | Reached XP level 1. HP: 14/14 MP: 3/3
   491 | D:1      | Reached XP level 2. HP: 20/20 MP: 0/5
  1809 | D:1      | You fall into a shaft and drop 1 floor!
  1872 | D:2      | Reached XP level 3. HP: 26/26 MP: 3/6
  2145 | D:2      | Slain by a gnoll

Illustrated notes

Levels and vault maps discovered:
D:1:      lemuel_arrival_tunnels, layout_loops_ring
D:2:      wad_lake_hut, layout_basic, chequers_jeans

Skill      XL: |  1  2  3 |
---------------+----------+-----
Conjurations   | 2 |  2.0
Dodging        | |  1.7
Stealth        | |  1.7
Spellcasting   | |  2.6
Fire Magic     | |  3.5

Action                     || total
---------------------------++-------
  Melee: Dagger            ||    39
         Unarmed           ||     1
         Tailslap          ||     2
         Punch             ||     1
   Cast: Foxfire           ||    69
 Armour: Skin              ||    66
  Dodge: Dodged            ||   144
